AoeStats
← MattAtArms

Arabia

504540957Analyzed
1v1 RM · 28d ago on Sep 5, 2026· 43m 52s· 2 players
Game mode
Random Map
Map size
Tiny (2 player)
Population
200
Speed
Normal
Resources
Standard
Victory
Conquest
Starting age
Dark Age
Ending age
Imperial Age
RankedLock teamsTeams togetherTeam positionsShared explorationLock speedFull tech treeHidden civsTurbo modeCheats
Victory
Defeat
🇬🇧 Chinese · United Kingdom
1938
+17
🇦🇷 Sicilians · Argentina
1958
-17
MattAtArms
0:25 Loom
8:28 Feudal Age
8:57 Double-Bit Axe
8:55 Horse Collar
19:23 Castle Age
17:53 Gold Mining
18:21 Fletching
19:08 Padded Archer Armor
19:24 Crossbowman
20:04 Bodkin Arrow
20:58 Bow Saw
21:55 Ballistics
24:52 Wheelbarrow
24:03 Town Watch
26:45 Thumb Ring
31:06 Hand Cart
38:50 Imperial Age
39:26 Leather Archer Armor
39:11 Arbalester
40:55 Chemistry
40:14 Bracer
40:49 Ring Archer Armor
44:11 Conscription
44:07 Scale Barding Armor
44:02 Scale Mail Armor
44:12 Forging
Buchi
6:00 Loom
8:40 Feudal Age
9:36 Double-Bit Axe
12:13 Horse Collar
15:02 Forging
21:30 Castle Age
20:09 Scale Barding Armor
20:43 Bloodlines
21:24 Scale Mail Armor
23:06 Chain Barding Armor
25:59 Bow Saw
30:07 Husbandry
35:57 Fletching
41:41 Imperial Age
40:26 Wheelbarrow
40:58 Bodkin Arrow
41:48 Cavalier
43:17 Plate Barding Armor
42:59 Pikeman
Connection lost

Rejoining the realm…

Still unreachable

The connection could not be restored.

Session expired

The server has moved on; the page needs a fresh start.